Map: [ESL] Waterfall

Players

BattleB

  • Race: Terran Terran
  • Spawn Location: 1:00

AqueroN - Winner!

  • Race: Terran Terran
  • Spawn Location: 7:00

Event: DreamHack SC2 Masters 2022 Atlanta (Online)

VOD

Have the link to the VOD?

Description

Time

  • Played on: Oct. 2, 2022, 12:49 p.m.
  • Length: 8:39

All games in this series

Show
View Real Time Build Order
Export as new Build Order

BattleB Terran 

Build Orders:  

Get SALT Encoding   

  12  0:00  SCV  
  13  0:12  SCV  
  14  0:17  Supply Depot  
  14  0:24  SCV  
  15  0:38  SCV  
  15  0:39  Barracks  
  16  0:43  Refinery  
  16  0:50  SCV  
  16  0:53  Refinery  
  17  1:02  SCV  
  18  1:14  SCV  
  19  1:27  Reaper, Orbital Command  
  19  1:30  Supply Depot  
  20  1:42  Factory  
  20  1:52  SCV  
  21  1:59  Barracks Reactor  
  21  2:04  SCV  
  22  2:16  SCV  
  22  2:21  Command Center  
  23  2:28  Hellion  
  25  2:30  SCV  
  25  2:35  Reaper x2  
  28  2:42  SCV  
  28  2:43  Supply Depot  
  29  2:49  Hellion  
  31  2:58  Starport  
  31  3:07  Reaper x2  
  31  3:09  SCV  
  34  3:13  Hellion  
  36  3:21  SCV  
  37  3:28  Refinery  
  37  3:33  SCV, Orbital Command  
  38  3:35  Factory Tech Lab, Starport Tech Lab  
  38  3:39  Marine  
  38  3:40  Marine  
  40  3:45  SCV  
  43  3:57  Cyclone  
  43  3:58  SCV  
  43  3:59  SCV  
  43  4:02  Marine x2  
  47  4:06  Raven  
  50  4:12  SCV x2  
  50  4:20  Marine  
  50  4:24  SCV  
  50  4:25  Supply Depot  
  50  4:26  SCV  
  52  4:34  Supply Depot, Siege Tank  
  54  4:47  SCV x2  
  54  4:48  Marine  
  54  4:49  Supply Depot, Marine  
  54  4:51  Raven  
  60  4:57  Supply Depot  
  60  4:59  SCV x2  
  62  5:06  Siege Tank  
  65  5:09  Marine x2  
  65  5:11  SCV x2  
  65  5:12  Supply Depot  
  69  5:22  Command Center  
  69  5:24  SCV x2  
  69  5:25  Refinery  
  71  5:35  Supply Depot  
  70  5:37  SCV x2  
  70  5:38  Siege Tank  
  75  5:44  Viking x2  
  75  5:45  Marine  
  80  5:51  SCV x2  
  80  5:52  Stimpack  
  82  5:57  Supply Depot  
  82  6:03  Marine  
  80  6:06  SCV x2  
  80  6:08  Supply Depot  
  82  6:11  Siege Tank  
  82  6:16  Viking x2  
  82  6:18  SCV  
  89  6:20  SCV  
  89  6:25  Marine  
  91  6:36  Barracks  
  91  6:37  SCV, Barracks  
  91  6:38  Orbital Command  
  91  6:39  SCV  
  91  6:43  Marine  
  92  6:48  Siege Tank  
  92  6:52  Medivac x2  
  98  6:58  SCV x2  
  98  7:01  Marine  
  99  7:03  Bunker  
  99  7:07  Supply Depot  
  99  7:08  SCV  
  100  7:10  SCV  
  100  7:11  SCV  
  102  7:18  Marine  
  102  7:20  SCV  
  102  7:22  Viking x2  
  108  7:36  Marine  
  97  7:39  SCV  
  97  7:41  Siege Tank  
  97  7:42  Marine x2  
  87  7:46  SCV  
  87  7:51  SCV  
  81  7:54  Marine  
  72  7:58  SCV  
  72  7:59  Marine x2  
  72  8:03  SCV  
  69  8:10  SCV  
  69  8:12  Marine  
  66  8:15  SCV  
  66  8:17  Marine  
  70  8:23  SCV  
Show
View Real Time Build Order
Export as new Build Order

AqueroN Terran - Winner!

Build Orders:  

Get SALT Encoding   

  12  0:00  SCV  
  13  0:12  SCV  
  14  0:17  Supply Depot  
  14  0:24  SCV  
  15  0:38  SCV  
  15  0:40  Barracks  
  16  0:43  Refinery  
  16  0:50  SCV  
  16  0:53  Refinery  
  17  1:02  SCV  
  18  1:14  SCV  
  19  1:26  Reaper  
  19  1:27  Orbital Command  
  19  1:32  Supply Depot  
  20  1:42  Factory  
  20  1:52  SCV  
  21  1:59  Reaper  
  22  2:04  SCV  
  23  2:16  SCV  
  24  2:23  Command Center  
  24  2:28  SCV  
  25  2:31  Hellion  
  25  2:33  Barracks Reactor  
  27  2:40  SCV  
  28  2:44  Starport  
  28  2:50  Supply Depot  
  28  2:52  SCV  
  28  2:55  Factory Tech Lab  
  29  3:05  SCV  
  30  3:09  Marine  
  30  3:11  Marine  
  32  3:13  Cyclone  
  32  3:17  SCV  
  36  3:21  Refinery  
  36  3:24  Starport Tech Lab  
  36  3:29  SCV, Marine  
  36  3:30  Marine  
  39  3:37  Orbital Command  
  39  3:41  SCV  
  40  3:45  Raven  
  42  3:49  Marine  
  42  3:50  Marine  
  42  3:53  SCV  
  45  3:59  Siege Tank  
  48  4:04  Supply Depot  
  48  4:09  Marine  
  45  4:16  SCV  
  46  4:29  SCV  
  46  4:30  SCV  
  48  4:39  Viking  
  50  4:46  Viking  
  50  4:49  SCV  
  50  4:51  SCV  
  54  4:57  Siege Tank  
  57  5:01  Supply Depot  
  57  5:09  Viking  
  59  5:16  Viking, SCV  
  62  5:22  Supply Depot  
  62  5:25  SCV  
  63  5:29  SCV  
  63  5:32  Siege Tank  
  67  5:37  SCV  
  67  5:38  Supply Depot  
  67  5:41  SCV  
  69  5:43  Viking  
  69  5:48  Viking  
  73  5:52  SCV  
  73  5:53  SCV  
  73  5:57  Supply Depot  
  71  6:04  SCV  
  71  6:05  SCV  
  71  6:06  Siege Tank  
  71  6:10  Refinery  
  76  6:15  Viking  
  76  6:16  SCV  
  76  6:17  SCV  
  77  6:18  Viking  
  79  6:26  Marine  
  79  6:32  SCV x2  
  82  6:40  Siege Tank  
  82  6:44  SCV x2  
  82  6:46  Liberator  
  90  6:54  Viking  
  90  6:56  SCV x2  
  94  7:18  Factory  
  94  7:20  Supply Depot x2  
  94  7:23  Command Center  
  94  7:29  SCV x2  
  94  7:33  Siege Tank  
  88  7:37  Viking  
  88  7:38  Viking  
  88  7:40  Marine  
  88  7:42  SCV x2  
  95  7:54  SCV x2  
  95  7:58  Marine  
  98  8:05  Siege Tank  
  98  8:07  Viking  
  98  8:08  Viking  
Tags
 
Add a new tag
Caveats
  • Supply blocks, unpowered buildings, or Contaminate may cause inaccurate times.
  • Supply counts are checked every 10 seconds.